 Dungeon Crawl Stone Soup version 0.29-a0-234-g0dae59b3db (webtiles) character file.

Game seed: 4389722372402904792

82 fragbeetle the Insei (level 4, -2/35 HPs)
             Began as a Draconian Transmuter on Mar 2, 2022.
             Slain by a gnoll
             ... wielding a +0 club
              (8 damage)
             ... on level 3 of the Dungeon.
             The game lasted 00:02:26 (2626 turns).

fragbeetle the Insei (Draconian Transmuter)         Turns: 2626, Time: 00:02:27

Health: -2/35      AC:  2    Str: 12    XL:     4   Next: 21%
Magic:  7/7        EV: 19    Int: 13    God:
Gold:   174        SH:  0    Dex: 19    Spells: 3/7 levels left

rFire   . . .      SeeInvis .     - Unarmed
rCold   . . .      Faith    .   (shield currently unavailable)
rNeg    . . .      Spirit   .   (body armour unavailable)
rPois   x          Reflect  .   (helmet currently unavailable)
rElec   .          Harm     .   (cloak currently unavailable)
rCorr   .          Rampage  .   (gloves currently unavailable)
Will    +....                   (boots currently unavailable)
Stlth   ++........              l - amulet of magic regeneration
HPRegen 0.11/turn               b - ring of willpower
MPRegen 0.50/turn               (no ring)

@: spider-form (expiring)
A: venomous fangs, AC +5, tiny, unfitting armour, (cold-blooded)
a: End Transformation


You were on level 3 of the Dungeon.
You were a venomous arachnid creature.
You visited 1 branch of the dungeon, and saw 3 of its levels.

You collected 174 gold pieces.

Inventory:

Missiles
 a - 4 poisoned darts
 c - 2 datura-tipped darts
 n - 2 curare-tipped darts
Jewellery
 b - a ring of willpower (left front leg)
 l - an amulet of magic regeneration (around neck)
Scrolls
 d - 6 scrolls of identify {unknown}
 e - a scroll of summoning {unknown}
 f - a scroll of holy word {unknown}
 g - a scroll of teleportation {unknown}
 h - a scroll of silence {unknown}
 i - a scroll of blinking {unknown}
 k - a scroll of fear {unknown}
Potions
 j - 2 potions of curing {unknown}
 m - a potion of berserk rage {unknown}


   Skills:
 - Level 1.1 Fighting
 - Level 1.7 Dodging
 - Level 4.0 Unarmed Combat
 - Level 2.0 Spellcasting
 + Level 3.7 Transmutations


You had 3 spell levels left.
You knew the following spells:

 Your Spells              Type           Power      Damage    Failure   Level
a - Beastly Appendage     Tmut           20%        N/A       16%         1
b - Spider Form           Tmut/Pois      6%         N/A       56%         3

Your spell library contained the following spells:

 Spells                   Type           Power      Damage    Failure   Level
 Wereblood                Tmut           10%        N/A       22%         2
 Slow                     Hex            4%         N/A       47%         1
 Call Canine Familiar     Summ           1%         N/A       78%         3
 Confusing Touch          Hex            1%         N/A       78%         3
 Portal Projectile        Hex/Tloc       2%         N/A       78%         3
 Vampiric Draining        Necr           1%         2d6       78%         3
 Ice Form                 Ice/Tmut       6%         N/A       89%         4
 Petrify                  Tmut/Erth      6%         N/A       89%         4
 Leda's Liquefaction      Hex/Erth       0%         N/A       98%         4
 Metabolic Englaciation   Hex/Ice        0%         N/A       100%        5
 Statue Form              Tmut/Erth      4%         N/A       100%        6


Dungeon Overview and Level Annotations

Branches:
Dungeon (3/15)

Altars:
Elyvilon


Innate Abilities, Weirdness & Mutations

You are a venomous arachnid creature.
You have poisonous fangs.
You are tiny and dextrous.
Your spellcasting is less reliable in this form.
Your armour is entirely melded.
You are incapable of wielding weapons or throwing items.
((Your plain brown scales are hard. (AC +5)))
You cannot fit into any form of body armour.
((You are cold-blooded and may be slowed by cold attacks.))


Message History

The goblin hits you with a +0 club.
Casting: Beastly Appendage (safe; 6% risk of failure)
Confirm with . or Enter, or press ? or * to list all spells.
The spell is quite dangerous to miscast (36% risk of failure)!
Continue anyway?
You miscast Spider Form.
You are very lightly contaminated with residual magic.
Nothing appears to happen.
The gnoll hits you but does no damage. The goblin closely misses you.
Casting: Spider Form (quite dangerous; 36% risk of failure)
Confirm with . or Enter, or press ? or * to list all spells.
The spell is quite dangerous to miscast (36% risk of failure)!
Continue anyway?
Your horns disappear.
Your talons disappear.
You turn into a venomous arachnid creature.
The gnoll barely misses you. The goblin completely misses you.
You barely miss the goblin. The gnoll misses you. The goblin misses you.
You hit the goblin.
You kill the goblin!
The gnoll closely misses you.
You see here a +0 club.
Your transformation is almost over.
The gnoll hits you with a +0 halberd!
You see here a +0 club.
You hit the gnoll.
The gnoll is poisoned.
The gnoll is lightly wounded.
The gnoll completely misses you.
You completely miss the gnoll.
The gnoll is lightly wounded.
The gnoll hits you from afar with a +3 spear!
The gnoll barely misses you.
You hit the gnoll.
The gnoll looks as sick as possible!
The gnoll is severely wounded.
You kill the gnoll!
The gnoll hits you from afar with a +3 spear!
* * * LOW HITPOINT WARNING * * *
Your magical contamination has completely faded away.
You see here a +0 kite shield.
You hit the gnoll.
The gnoll is lightly wounded.
The gnoll hits you with a +0 club!
You die...

########.#######
#......#†#
#......#.#
#........# ##
######)### ..
#)####.# #g#...
#g#.# #.s.#
#####


You could see 2 gnolls.

Vanquished Creatures
  A gnoll (D:3)
  4 adders
  2 dart slugs
  3 ball pythons
  2 endoplasms (D:1)
  2 giant cockroaches (D:2)
  4 goblins
  3 hobgoblins
  3 jackals (D:1)
  4 bats
  2 frilled lizards
  2 kobolds (D:3)
  A rat (D:2)
33 creatures vanquished.

Notes
Turn   | Place    | Note
-------+----------+-------------------------------------------
     0 | D:1      | fragbeetle the Draconian Transmuter began the quest for the
                  | Orb.
     0 | D:1      | Reached XP level 1. HP: 16/16 MP: 3/3
   446 | D:1      | Found a faded altar of an unknown god.
   464 | D:1      | Reached XP level 2. HP: 20/23 MP: 3/5
  1136 | D:2      | Reached XP level 3. HP: 8/28 MP: 4/6
  2432 | D:3      | Reached skill level 4 in Unarmed Combat
  2578 | D:3      | Learned a level 3 spell: Spider Form
  2590 | D:3      | Found a white marble altar of Elyvilon.
  2611 | D:3      | Reached XP level 4. HP: 35/35 MP: 7/7
  2626 | D:3      | Slain by a gnoll

Illustrated notes

Levels and vault maps discovered:
D:1:      mrwooster_arrival_statue_2, layout_loops_ring, basic_ecumenical_altar,
          minmay_misc_feat_more_columns
D:2:      layout_basic
D:3:      layout_basic, mainiacjoe_overflow_concentric_impassable, uniq_ijyb

Skill      XL: |  1  2  3 |
---------------+----------+-----
Transmutations | 3 |  3.7
Unarmed Combat | 4 |  4.0
Fighting       | |  1.1
Dodging        | |  1.7
Spellcasting   | |  2.0

Action                   |  1- 3 |  4- 6 || total
-------------------------+-------+-------++-------
Melee: Unarmed           |    77 |     6 ||    83
       Headbutt          |    12 |       ||    12
       Kick              |    15 |       ||    15
       Punch             |     5 |       ||     5
       Tailslap          |     7 |       ||     7
 Cast: Beastly Appendage |    27 |       ||    27
       Spider Form       |       |     1 ||     1
 Stab: Sleeping          |     1 |       ||     1
Armor: Skin              |    22 |     1 ||    23
Dodge: Dodged            |    40 |     8 ||    48

Table legend: (Time is in decaauts)
 A = Elapsed time spent in this place.
 B = Non-inter-level travel time spent in this place.
 C = Inter-level travel time spent in this place.
 D = Time resting spent in this place.
 E = Time spent auto-exploring this place.
 F = Levels seen in this place.
 G = Mean time per level.
                   A        B        C        D        E       F      G
               +--------+--------+--------+--------+--------+-----+--------+
         Total |   2619 |   2507 |    112 |    597 |   1636 |   3 |  873.0 |
       Dungeon |   2619 |   2507 |    112 |    597 |   1636 |   3 |  873.0 |
               +--------+--------+--------+--------+--------+-----+--------+

Top non-repeatable levels by time:
     D:2: 1528 daAuts
     D:1: 859 daAuts
     D:3: 231 daAuts
